[Event "*** Titled Tuesday Blitz"]
[Site "Chess.com"]
[Date "2020.11.10"]
[Round "1"]
[White "Sacbutt"]
[Black "tlomigtlis"]
[Result "1-0"]
[WhiteElo "2309"]
[BlackElo "2593"]
[TimeControl "180+1"]
[EndTime "10:04:37 PST"]
[Termination "Sacbutt won by checkmate"]

1. d4 d5 2. c4 c6 3. Nc3 Nf6 4.
Nf3 e6 5. e3 a6 6. Be2 dxc4 7.
Bxc4 b5 8. Bd3 c5 9. O-O Bb7 10. dxc5 Bxc5 11. Qe2 Nbd7 12. Rd1 O-O 13. a3 Qb8 14. b4 Bd6 15. h3 Ne5 16. Nxe5 Bxe5 17. Bb2 Rc8 18. Rac1 Nd5 19. Nxd5 exd5 20. Rxc8+ Bxc8 21. Bxh7+ Kxh7 22. Qh5+ Kg8 23. Bxe5 Qb6 24. Rxd5 Bb7 25. Rd7 Rf8 26. Qg5 Qh6 27. Qxh6 gxh6 28. Rxb7 Rc8 29. Rb8 Rxb8 30. Bxb8 Kf8 31. Bf4 Ke7 32.
Bxh6 Ke6 33. h4 Kd5 34. h5 Kc4 35. Bg7 Kb3 36. h6 Kxa3 37. h7 Kxb4 38. h8=Q a5 39. Bc3+ Ka4 40. Qd4+ b4 41. Bb2 Kb3 42. Bc1 a4 43.
Qd5+ Kc2 44. Qc4+ Kd1 45. Qxb4 f5 46. Qxa4+ Ke2 47. Qc4+ Ke1 48. Qc3+ Ke2 49. Qd2# 1-0

[Event "*** Titled Tuesday Blitz"]
[Site "Chess.com"]
[Date "2020.11.10"]
[Round "1"]
[White "JoakimVonAnd"]
[Black "akanga001"]
[Result "1-0"]
[WhiteElo "2494"]
[BlackElo "1913"]
[TimeControl "180+1"]
[EndTime "10:04:37 PST"]
[Termination "JoakimVonAnd won by resignation"]

1. d4 d5 2. c4 e6 3. Nc3 Nf6 4. cxd5 exd5 5. Bg5 c6 6. e3 Be7 7. Qc2 g6 8. Bd3 O-O 9. Nf3 Nh5 10. Bxe7 Qxe7 11. O-O Ng7 12. Rab1 a5 13. a3 Bf5 14. b4 axb4 15. axb4 Bxd3 16. Qxd3 Ra3 17. b5 Nd7 18.
bxc6 bxc6 19. Rb7 Qd6 20. Rc1 Nf6 21. Qb1 Rfa8 22. h3 Ne6 23. Ne5 Ra1 24. Qxa1 Rxa1 25. Rxa1 Ng5 26. h4 Nge4 27. Nxe4 Nxe4 28. Ra8+ Kg7 29.
Nxf7 Qf6 30. Ng5+ 1-0

[Event "*** Titled Tuesday Blitz"]
[Site "Chess.com"]
[Date "2020.11.10"]
[Round "1"]
[White "BigAl"]
[Black "JRenatoMaranhao"]
[Result "1-0"]
[WhiteElo "2488"]
[BlackElo "1891"]
[TimeControl "180+1"]
[EndTime "10:04:40 PST"]
[Termination "BigAl won by resignation"]

1. e4 c6 2. d4 d5 3. Nc3 dxe4 4. f3 exf3 5. Nxf3 Nf6 6. Bc4 g6 7. Ne5 e6 8. O-O Bg7 9. Bg5 Nbd7 10. Qe2 O-O 11. Rad1 Qb6 12. Kh1 Nxe5 13. dxe5 Nd5 14. Ne4 Bxe5 15. Bxd5 exd5 16. Nf6+ Bxf6 17. Bxf6 Bf5 18.
Rxf5 Rfe8 19. Re5 Rxe5 20. Qxe5 Qf2 21. h3 Qxc2 22. Re1 1-0

[Event "*** Titled Tuesday Blitz"]
[Site "Chess.com"]
[Date "2020.11.10"]
[Round "1"]
[White "Susal_De_Silva"]
[Black "WeAintSurePal"]
[Result "1-0"]
[WhiteElo "2617"]
[BlackElo "2300"]
[TimeControl "180+1"]
[EndTime "10:04:42 PST"]
[Termination "Susal_De_Silva won by resignation"]

1. e4 c6 2. d4 d5 3. Nc3 dxe4 4. Nxe4 Nf6 5. Nxf6+ exf6 6. c3 Bd6 7. Bd3 O-O 8.
Ne2 Re8 9. Qc2 h5 10. Be3 Nd7 11. O-O-O b5 12. h3 Nb6 13. g4 h4 14. b3 Nd5 15. Bd2 a5 16. Rde1 a4 17. b4 Be6 18.
Rhg1 Qc7 19. g5 fxg5 20. Bxg5 Bf4+ 21. Nxf4 Nxf4 22. Bf6 Nxd3+ 23. Qxd3 g6 24. Qe4 1-0

[Event "*** Titled Tuesday Blitz"]
[Site "Chess.com"]
[Date "2020.11.10"]
[Round "1"]
[White "Rital44"]
[Black "Salem-AR"]
[Result "0-1"]
[WhiteElo "2458"]
[BlackElo "2922"]
[TimeControl "180+1"]
[EndTime "10:04:43 PST"]
[Termination "Salem-AR won by resignation"]

1. e4 c6 2. d4 d5 3. exd5 cxd5 4. c4 Nf6 5. Nc3 e6 6. Nf3 Bb4 7. Bd3 O-O 8. O-O dxc4 9. Bxc4 Nc6 10. Bg5 Be7 11.
Qd2 b6 12. Rad1 Bb7 13. a3 h6 14. Bh4 Nh5 15. Bg3 Nxg3 16. hxg3 Bf6 17. Qf4 Ne7 18. Ba2 Nd5 19. Qe4 Nxc3 20. Qxb7 Nxd1 21. Rxd1 Rc8 22.
Bb1 Qd5 23. Qxa7 Qb3 24. Re1 Qxb2 25. Qa6 Rc1 26. Qf1 Rxe1 27. Qxe1 Rc8 0-1

[Event "*** Titled Tuesday Blitz"]
[Site "Chess.com"]
[Date "2020.11.10"]
[Round "1"]
[White "Atousa1"]
[Black "A-Fier"]
[Result "1-0"]
[WhiteElo "2414"]
[BlackElo "2760"]
[TimeControl "180+1"]
[EndTime "10:04:43 PST"]
[Termination "Atousa1 won by checkmate"]

1. e4 c5 2. Nf3 e6 3. d4 cxd4 4. Nxd4 Nf6 5. Nc3 d6 6. Be2 Be7 7. O-O O-O 8. Be3 Nc6 9. f4 Bd7 10. Kh1 a6 11. a4 Rc8 12. Bd3 e5 13. Nf5 Bxf5 14. exf5 exf4 15. Bxf4 d5 16. Qf3 Nb4 17. Rad1 Bd6 18. Bg5 Be5 19. Rfe1 Bxc3 20. bxc3 Rxc3 21. Qf4 Nxd3 22. cxd3 Qc7 23. Qd4 Qc6 24. Bxf6 Qxf6 25. Qxf6 gxf6 26. Re7 Rfc8 27. h3 R3c7 28. Rxc7 Rxc7 29.
Rb1 h5 30. g4 hxg4 31. hxg4 Kg7 32. Kg2 Kh6 33. Kf3 Kg5 34. Rh1 Rc3 35. Rh5# 1-0

[Event "*** Titled Tuesday Blitz"]
[Site "Chess.com"]
[Date "2020.11.10"]
[Round "1"]
[White "Papa12341234"]
[Black "chesslh19"]
[Result "1-0"]
[WhiteElo "2558"]
[BlackElo "2221"]
[TimeControl "180+1"]
[EndTime "10:04:43 PST"]
[Termination "Papa12341234 won by resignation"]

1. e4 e5 2. Nf3 Nf6 3. Nxe5 d6 4. Nxf7 Kxf7 5. d4 Be7 6. Bc4+ d5 7. exd5 Bd6 8. O-O Re8 9. Nc3 Kg8 10. h3 Bf5 11. Bg5 Nbd7 12. Bb3 Qe7 13. Qf3 Bg6 14. Bd2 Qf8 15.
Rae1 Rxe1 16. Rxe1 Re8 17. Re6 Bf7 18. Nb5 Rxe6 19. dxe6 Bxe6 20. Bxe6+ Kh8 21. Nxd6 Qxd6 22. Bxd7 Qxd7 23. Qxb7 h6 24. Qxa7 Ne4 25. Qa8+ 1-0

[Event "*** Titled Tuesday Blitz"]
[Site "Chess.com"]
[Date "2020.11.10"]
[Round "1"]
[White "rududuyk"]
[Black "albi1999"]
[Result "0-1"]
[WhiteElo "2162"]
[BlackElo "2535"]
[TimeControl "180+1"]
[EndTime "10:04:44 PST"]
[Termination "albi1999 won by resignation"]

1. e4 e6 2. d4 d5 3. Nc3 Bb4 4. e5 c5 5. a3 Bxc3+ 6. bxc3 Ne7 7. Qg4 cxd4 8. Qxg7 Rg8 9. Qxh7 Qc7 10. Ne2 Nbc6 11. f4 dxc3 12. h4 Bd7 13. h5 d4 14.
h6 O-O-O 15. Qxf7 Rdf8 16. Qh5 Nf5 17. h7 Rh8 18. g4 Ne3 19. Bxe3 dxe3 20. Qh6 Rf7 21.
Qg6 Be8 22. Qxe6+ Kb8 23. Qxe8+ Rxe8 24. h8=Q Rxh8 25. Rxh8+ Nd8 26. Rd1 Rd7 27. Nd4 a6 28. e6 Qxf4 29. Rxd8+ Rxd8 30. Nc6+ Kc7 0-1

[Event "*** Titled Tuesday Blitz"]
[Site "Chess.com"]
[Date "2020.11.10"]
[Round "1"]
[White "Mazanchenko_Dmitry"]
[Black "Mr_Sinigami"]
[Result "0-1"]
[WhiteElo "2104"]
[BlackElo "2518"]
[TimeControl "180+1"]
[EndTime "10:04:46 PST"]
[Termination "Mr_Sinigami won on time"]

1. e4 c5 2. Ne2 e6 3. Nbc3 a6 4. a4 Nc6 5. g3 Nf6 6. Bg2 Be7 7. O-O O-O 8. f4 d5 9. e5 Nd7 10. d4 cxd4 11. Nxd4 Nxd4 12. Kh1 Nf5 13. Bh3 Nc5 14.
Bxf5 exf5 15. Nxd5 Be6 16. c4 Ne4 17. Be3 Bc5 18. Bxc5 Nxc5 19. b4 Ne4 20. Qd4 b5 21.
Rad1 bxc4 22. Qxc4 Rc8 0-1

[Event "*** Titled Tuesday Blitz"]
[Site "Chess.com"]
[Date "2020.11.10"]
[Round "1"]
[White "SerGo055"]
[Black "kuli4ik"]
[Result "0-1"]
[WhiteElo "2436"]
[BlackElo "2868"]
[TimeControl "180+1"]
[EndTime "10:04:47 PST"]
[Termination "kuli4ik won on time"]

1. d4 g6 2. Nf3 Bg7 3. c4 d6 4.
Nc3 c5 5. d5 Bxc3+ 6. bxc3 f5 7. e4 fxe4 8. Ng5 Nf6 9. f3 exf3 10. Nxf3 Bg4 11. Bd3 Nbd7 12. O-O Ne5 13. Bh6 Bxf3 14. gxf3 Qd7 15. f4 Nxd3 16. Qxd3 Qf5 17. Qe2 Qg4+ 18.
Qxg4 Nxg4 19. Bg5 Ne3 20. Rfe1 Nf5 21. Re6 Kf7 22. Rae1 Rae8 23. h4 h6 24. h5 gxh5 0-1

[Event "*** Titled Tuesday Blitz"]
[Site "Chess.com"]
[Date "2020.11.10"]
[Round "1"]
[White "nelsoncopa"]
[Black "FLamps8"]
[Result "0-1"]
[WhiteElo "1892"]
[BlackElo "2490"]
[TimeControl "180+1"]
[EndTime "10:04:47 PST"]
[Termination "FLamps8 won by resignation"]

1. d4 d5 2. c4 e6 3. Nf3 a6 4. e3 Nf6 5. Nc3 dxc4 6. Bxc4 b5 7. Bb3 Bb7 8. O-O Nbd7 9. a3 c5 10. dxc5 Nxc5 11. Bc2 Bd6 12. Nd4 O-O 13. Re1 Qc7 14. h3 Rad8 15. Qe2 Bh2+ 16. Kh1 Be5 17. Nb3 Bxc3 18.
bxc3 Nxb3 19. Bxb3 Qxc3 20. Rb1 Be4 21. Rb2 Bd3 22.
Qd2 Qc6 23. Qb4 Be4 24. Bd2 Bxg2+ 25. Kg1 Bxh3 26. e4 a5 27. f3 axb4 0-1

[Event "*** Titled Tuesday Blitz"]
[Site "Chess.com"]
[Date "2020.11.10"]
[Round "1"]
[White "NewBornNow"]
[Black "dosto07"]
[Result "1-0"]
[WhiteElo "2641"]
[BlackElo "2323"]
[TimeControl "180+1"]
[EndTime "10:04:53 PST"]
[Termination "NewBornNow won by resignation"]

1. e4 e5 2. Nf3 Nc6 3. Bc4 Bc5 4.
d3 Nf6 5. c3 a6 6. Nbd2 d6 7. Bb3 O-O 8. h3 Ba7 9. Nf1 Ne7 10. Ng3 Ng6 11. O-O h6 12. d4 Re8 13.
Re1 Be6 14. Bc2 c6 15. Be3 Qc7 16. Qd2 Qe7 17. Rad1 b5 18. Nf5 Bxf5 19. exf5 Nf8 20. dxe5 dxe5 21. Bxa7 Rxa7 22. Nxe5 Qc7 23. f4 Raa8 24.
Qf2 Rad8 25. Qc5 N8d7 26. Qxc6 Qa7+ 27. Kh1 Nc5 28. Qf3 Qb6 29. b4 Na4 30. Bb3 1-0

[Event "*** Titled Tuesday Blitz"]
[Site "Chess.com"]
[Date "2020.11.10"]
[Round "1"]
[White "RamyresCoelho"]
[Black "AleksanderHnydiuk"]
[Result "0-1"]
[WhiteElo "2052"]
[BlackElo "2504"]
[TimeControl "180+1"]
[EndTime "10:04:55 PST"]
[Termination "AleksanderHnydiuk won by resignation"]

1. e4 c5 2. Nf3 d6 3. d4 cxd4 4. Nxd4 Nf6 5. Nc3 a6 6. f3 e6 7.
Be3 b5 8. a3 Nbd7 9. Qd2 Bb7 10.
O-O-O Nb6 11. g4 Nfd7 12. Bd3 Ne5 13. h4 Rc8 14. Qf2 Nbc4 15. Bxc4 Nxc4 16. g5 Nxa3 17. bxa3 Rxc3 18. Nb3 d5 19. Bd4 Rc4 20. Na5 Qxa5 21.
exd5 Bxa3+ 22. Bb2 Bxb2+ 23. Kxb2 Qc3+ 24. Kc1 Ra4 0-1

[Event "*** Titled Tuesday Blitz"]
[Site "Chess.com"]
[Date "2020.11.10"]
[Round "1"]
[White "LimeInTheCoconut"]
[Black "Kiborg95"]
[Result "0-1"]
[WhiteElo "2390"]
[BlackElo "2744"]
[TimeControl "180+1"]
[EndTime "10:04:56 PST"]
[Termination "Kiborg95 won on time"]

1. d4 d6 2. e4 Nf6 3. Nc3 e5 4.
dxe5 dxe5 5. Qxd8+ Kxd8 6. Nf3 Bd6 7. Bc4 Ke7 8. Bg5 c6 9. O-O-O Be6 10. Bxf6+ gxf6 11.
Be2 b5 12. Nh4 Bb4 13. Rd3 Na6 14. a3 Bc5 15. Rf3 Bd4 16. Nd1 Rhg8 17. Ne3 Bxe3+ 18. Rxe3 Nc5 19. Rd1 Rad8 20. Rxd8 Rxd8 21. f3 a5 22. Rc3 Kd6 23. b4 axb4 24. axb4 Nd7 25. Rd3+ Kc7 26. Kb2 Rg8 27. Rd2 Nb6 28. g3 Ra8 29. Bd3 Ra2+ 30. Kb1 Na4 0-1

[Event "*** Titled Tuesday Blitz"]
[Site "Chess.com"]
[Date "2020.11.10"]
[Round "1"]
[White "JozefKneht"]
[Black "WiktoriaPOL"]
[Result "1-0"]
[WhiteElo "2513"]
[BlackElo "2093"]
[TimeControl "180+1"]
[EndTime "10:04:57 PST"]
[Termination "JozefKneht won by resignation"]

1. Nf3 c5 2. b3 Nc6 3. Bb2 d5 4. e3 d4 5. Bb5 Bg4 6. Bxc6+ bxc6 7. h3 Bxf3 8. Qxf3 Qd7 9. Na3 Nf6 10. Nc4 Rc8 11.
O-O g6 12. Rfe1 Bg7 13. Ba3 Qd5 14. exd4 Qxd4 15. Rad1 Nd5 16. Bb2 Qf4 17. Qxf4 Nxf4 18. Bxg7 Rg8 19. Bh6 g5 20. Nd6+ Kd7 21. Nxc8 1-0

[Event "*** Titled Tuesday Blitz"]
[Site "Chess.com"]
[Date "2020.11.10"]
[Round "1"]
[White "elamier"]
[Black "Vuk2000"]
[Result "1-0"]
[WhiteElo "2358"]
[BlackElo "2655"]
[TimeControl "180+1"]
[EndTime "10:04:59 PST"]
[Termination "elamier won by resignation"]

1. d4 e6 2. Nf3 Nf6 3. Nbd2 d5 4. e3 c5 5. c3 Bd6 6. Bd3 O-O 7. O-O Nc6 8. dxc5 Bxc5 9. e4 b6 10. Qe2 Bb7 11.
e5 Nd7 12. Nb3 Be7 13. Bf4 Nc5 14. Nxc5 bxc5 15. Rad1 h6 16. c4 Nb4 17. Bb1 d4 18. a3 Nc6 19. Qe4 f5 20. exf6 Rxf6 21. Qh7+ Kf7 22. Be5 Bd6 23. Bxf6 Qxf6 24. Rfe1 Ne7 25.
Be4 Bxe4 26. Qxe4 Rb8 27. b4 cxb4 28. axb4 Bxb4 29. Ne5+ Kg8 30. Nd7 1-0

[Event "*** Titled Tuesday Blitz"]
[Site "Chess.com"]
[Date "2020.11.10"]
[Round "1"]
[White "maximnovik"]
[Black "Larisa004"]
[Result "1-0"]
[WhiteElo "2541"]
[BlackElo "2181"]
[TimeControl "180+1"]
[EndTime "10:05:05 PST"]
[Termination "maximnovik won by resignation"]

1. d4 Nf6 2. Bg5 c5 3. Bxf6 gxf6 4. d5 d6 5. c4 Bg7 6. Nc3 f5 7. e3 Nd7 8. Nh3 Nf6 9. Qc2 e6 10. dxe6 fxe6 11. Nf4 O-O 12. Rd1 Qe7 13. g3 e5 14.
Nfd5 Nxd5 15. Nxd5 Qf7 16. Bg2 Be6 17. O-O e4 18. b3 Be5 19. Rd2 Kh8 20. Rfd1 Rad8 21. Nf4 Bxf4 22. exf4 Qe7 23. Qc3+ Kg8 24. f3 exf3 25. Bxf3 a6 26. Kg2 b5 27. Re1 Qf7 28. Rxe6 Qxe6 29. Bd5 Rfe8 30. Re2 1-0

[Event "*** Titled Tuesday Blitz"]
[Site "Chess.com"]
[Date "2020.11.10"]
[Round "1"]
[White "Evachess2006"]
[Black "NateSolon"]
[Result "0-1"]
[WhiteElo "1630"]
[BlackElo "2475"]
[TimeControl "180+1"]
[EndTime "10:05:07 PST"]
[Termination "NateSolon won on time"]

1. e4 c5 2. c3 Nf6 3. e5 Nd5 4. d4 cxd4 5. Nf3 Nc6 6. cxd4 d6 7. exd6 e6 8. Be2 Bxd6 9. O-O O-O 10. Nc3 Nxc3 11.
bxc3 b6 12. Qc2 h6 13. Bb2 Bb7 14. Rac1 Rc8 15. c4 Qc7 16. Rfd1 Bf4 17. Rb1 Na5 18. Bc1 Bxf3 19. Bxf3 Bxh2+ 20. Kf1 Nxc4 0-1

[Event "*** Titled Tuesday Blitz"]
[Site "Chess.com"]
[Date "2020.11.10"]
[Round "1"]
[White "GOGIEFF"]
[Black "Chessalary"]
[Result "1-0"]
[WhiteElo "2886"]
[BlackElo "2445"]
[TimeControl "180+1"]
[EndTime "10:05:08 PST"]
[Termination "GOGIEFF won by resignation"]

1. d4 d5 2. c4 e6 3. Nc3 c6 4. e4 dxe4 5. Nxe4 Bb4+ 6. Nc3 c5 7. a3 Bxc3+ 8. bxc3 Nf6 9. Nf3 O-O 10. Bd3 Nc6 11. O-O h6 12. Be3 cxd4 13. cxd4 Qc7 14.
Rc1 Rd8 15. Bb1 e5 16. d5 e4 17. Nd2 Bg4 18. Qc2 Be2 19. Nxe4 Ng4 20. d6 Rxd6 21. Qxe2 Rg6 22. Ng3 Nxe3 23. fxe3 Re6 24. Be4 Rae8 25. Bd5 R6e7 26. Nf5 Re5 27. Qg4 1-0

[Event "*** Titled Tuesday Blitz"]
[Site "Chess.com"]
[Date "2020.11.10"]
[Round "1"]
[White "MasterMK73"]
[Black "Willychess95"]
[Result "1-0"]
[WhiteElo "2252"]
[BlackElo "2550"]
[TimeControl "180+1"]
[EndTime "10:05:08 PST"]
[Termination "MasterMK73 won by resignation"]

1. e4 c5 2. Nf3 d6 3. Bb5+ Bd7 4. Bxd7+ Qxd7 5. O-O Nf6 6. Qe2 Nc6 7. Rd1 g6 8. c3 Bg7 9. d4 cxd4 10. cxd4 d5 11. e5 Ne4 12. Nbd2 Nxd2 13. Bxd2 O-O 14. Bc3 Rac8 15.
Re1 Nd8 16. Bb4 Ne6 17. Qd2 Rc3 18. Bxc3 Rc8 19. Rac1 h5 20. Bb4 Kh7 21. Rxc8 Qxc8 22. Bxe7 Bh6 23. Bg5 Bg7 24. Rc1 Qd7 25. Be3 Qa4 26.
b3 Qa3 27. Ng5+ Nxg5 28. Bxg5 Bf8 29. h3 Bb4 30. Qf4 Bf8 31. Qxf7+ Bg7 32. Rc7 1-0

[Event "*** Titled Tuesday Blitz"]
[Site "Chess.com"]
[Date "2020.11.10"]
[Round "1"]
[White "Aleksey_Sorokin"]
[Black "Flopezin"]
[Result "1-0"]
[WhiteElo "2754"]
[BlackElo "2395"]
[TimeControl "180+1"]
[EndTime "10:05:09 PST"]
[Termination "Aleksey_Sorokin won by resignation"]

1. d4 Nf6 2. c4 e6 3. Nf3 c5 4. d5 d6 5. Nc3 exd5 6. cxd5 g6 7. Bf4 a6 8. a4 Bg7 9. h3 O-O 10. e3 Qe7 11. Be2 Nbd7 12. O-O Ne8 13. Nd2 Nc7 14.
Nc4 Ne5 15. Nb6 Rb8 16. Bg3 Nd7 17. Qb3 Be5 18. Bxe5 Nxe5 19. a5 Bd7 20. Rae1 f5 21. f4 Nf7 22. e4 fxe4 23. Nxe4 Bf5 24. Ng3 Rbe8 25. Nxf5 gxf5 26. Qg3+ Kh8 27. Qc3+ Kg8 28. Bh5 Qh4 29. Nd7 Qxh5 30. Nf6+ 1-0

[Event "*** Titled Tuesday Blitz"]
[Site "Chess.com"]
[Date "2020.11.10"]
[Round "1"]
[White "PetrolulSah"]
[Black "AldokhinIvan"]
[Result "0-1"]
[WhiteElo "2222"]
[BlackElo "2560"]
[TimeControl "180+1"]
[EndTime "10:05:09 PST"]
[Termination "AldokhinIvan won by resignation"]

1. d4 Nf6 2. Nf3 c5 3. g3 cxd4 4. Nxd4 Nc6 5. Bg2 g6 6. O-O Bg7 7. c4 O-O 8. Nc3 Qc7 9. Bf4 d6 10. Rc1 Nxd4 11. Qxd4 e5 12. Nb5 Qb8 13. Qxd6 exf4 14.
gxf4 a6 15. Qxb8 Rxb8 16. Nd6 b6 17. Rfd1 Bg4 18. Kf1 Nh5 19. f5 Bxb2 20. Rb1 Be5 21.
f3 Bxf5 22. Nxf5 gxf5 23. Rd5 Rfe8 24. e3 Bxh2 25. Rxf5 Ng3+ 0-1

[Event "*** Titled Tuesday Blitz"]
[Site "Chess.com"]
[Date "2020.11.10"]
[Round "1"]
[White "BAS8892"]
[Black "serhanberat_ozdemir"]
[Result "1-0"]
[WhiteElo "2721"]
[BlackElo "2374"]
[TimeControl "180+1"]
[EndTime "10:05:10 PST"]
[Termination "BAS8892 won by resignation"]

1. d4 Nf6 2. c4 g6 3. Nc3 Bg7 4. e4 d6 5. f4 O-O 6. Nf3 c5 7. dxc5 dxc5 8. Bd3 Bg4 9. e5 Nfd7 10. Be4 Nc6 11. Be3 Rc8 12. h3 Bxf3 13. Bxf3 e6 14.
O-O g5 15. fxg5 Ndxe5 16. Qe2 Nd4 17. Bxd4 cxd4 18. Ne4 d3 19. Qf2 Qd4 20. Qxd4 Nxf3+ 21. Rxf3 Bxd4+ 22. Kf1 Rxc4 23. Rxd3 Bxb2 24. Re1 Rc7 25.
Red1 Rfc8 26. Ke2 Kg7 27. Kf3 Rc3 28. Nxc3 Bxc3 29. Rc1 1-0

[Event "*** Titled Tuesday Blitz"]
[Site "Chess.com"]
[Date "2020.11.10"]
[Round "1"]
[White "chenxiaoyuer"]
[Black "BillCoe"]
[Result "1-0"]
[WhiteElo "2506"]
[BlackElo "2066"]
[TimeControl "180+1"]
[EndTime "10:05:10 PST"]
[Termination "chenxiaoyuer won by resignation"]

1. e4 c5 2. Nf3 e6 3. d4 cxd4 4. Nxd4 a6 5. Nc3 Qc7 6. Be2 Bb4 7. O-O Nf6 8. Qd3 O-O 9. Bg5 Be7 10. f4 d6 11. Rae1 Nbd7 12. Bf3 Rb8 13. Qe3 Re8 14. e5 dxe5 15. fxe5 Nd5 16. Bxd5 Bxg5 17. Qxg5 exd5 18. Nf5 Qc5+ 19. Kh1 Qf8 20. Nh6+ Kh8 21. Nxf7+ 1-0

[Event "*** Titled Tuesday Blitz"]
[Site "Chess.com"]
[Date "2020.11.10"]
[Round "1"]
[White "riddhi_07"]
[Black "googlegoom"]
[Result "1/2-1/2"]
[WhiteElo "1750"]
[BlackElo "2469"]
[TimeControl "180+1"]
[EndTime "10:05:12 PST"]
[Termination "Game drawn by agreement"]

1. e4 c5 2. Nf3 Nc6 3. Bb5 Qb6 4.
Bxc6 bxc6 5. c3 Nf6 6. Qe2 e6 7. e5 Nd5 8. c4 Nf4 9. Qf1 Ba6 10. g3 Ng6 11. Nc3 Qb4 12. d3 h5 13. Qe2 h4 14. Rg1 hxg3 15. hxg3 Ne7 16. a3 Qb7 17. Be3 Nf5 18. Ne4 Rb8 19. g4 Nxe3 20. fxe3 Qxb2 21. Qxb2 Rxb2 22. Nfd2 Rh2 23. g5 g6 24. O-O-O Rb8 25.
Rh1 Rxh1 26. Rxh1 Bg7 27. Rh7 Kf8 28. Nf6 Bxf6 29. exf6 Kg8 30. Rh3 d5 31. e4 Rd8 32.
e5 dxc4 33. dxc4 1/2-1/2

[Event "*** Titled Tuesday Blitz"]
[Site "Chess.com"]
[Date "2020.11.10"]
[Round "1"]
[White "Chopper1905"]
[Black "GM_LOADING"]
[Result "1-0"]
[WhiteElo "2930"]
[BlackElo "2459"]
[TimeControl "180+1"]
[EndTime "10:05:13 PST"]
[Termination "Chopper1905 won by resignation"]

1. f4 d5 2. Nf3 Bg4 3. e3 Nd7 4. h3 Bxf3 5. Qxf3 e5 6. Qxd5 Qh4+ 7. Kd1 O-O-O 8. Qf3 Bc5 9. Nc3 Ngf6 10. g3 Qh6 11.
Bg2 c6 12. g4 Qh4 13. d3 e4 14. Nxe4 Nxe4 15. Qxe4 Rhe8 16. Qf3 Nf6 17. Bd2 Ne4 18. dxe4 Rd7 19. Ke2 Red8 20. Rhd1 1-0

[Event "*** Titled Tuesday Blitz"]
[Site "Chess.com"]
[Date "2020.11.10"]
[Round "1"]
[White "fabianvivasz"]
[Black "Margency"]
[Result "0-1"]
[WhiteElo "2349"]
[BlackElo "2690"]
[TimeControl "180+1"]
[EndTime "10:05:18 PST"]
[Termination "Margency won by resignation"]

1. e4 c5 2. Nc3 d6 3. d4 cxd4 4. Qxd4 Nc6 5. Qd2 g6 6. b3 Bg7 7. Bb2 Nf6 8. O-O-O O-O 9. f3 a5 10. Bb5 Na7 11. a4 Nxb5 12. Nxb5 Bd7 13. Nc3 Qb8 14.
Nd5 Nxd5 15. Bxg7 Kxg7 16. exd5 b5 17. axb5 Qxb5 18. Ne2 a4 19. Nc3 Qa6 20. Qd4+ Kg8 21. b4 Rfc8 22. h4 Rc4 23. Qe3 Rac8 24. Rd3 Bf5 25. h5 Bxd3 26. Qxd3 Qb6 27. hxg6 hxg6 28. Qe3 Qxe3+ 0-1

[Event "*** Titled Tuesday Blitz"]
[Site "Chess.com"]
[Date "2020.11.10"]
[Round "1"]
[White "karwowskikacper"]
[Black "vugarrasulov"]
[Result "0-1"]
[WhiteElo "2435"]
[BlackElo "2867"]
[TimeControl "180+1"]
[EndTime "10:05:19 PST"]
[Termination "vugarrasulov won by checkmate"]

1. e4 e5 2. Nf3 Nc6 3. d4 exd4 4. Nxd4 Bc5 5. Nb3 Bb6 6. Nc3 d6 7. Qe2 a5 8. a4 Nf6 9. Bg5 Be6 10. Nd5 Nb4 11. Bxf6 gxf6 12. Nxb4 axb4 13. Qb5+ c6 14. Qxb4 O-O 15. Be2 f5 16. O-O f4 17. Rad1 Bc7 18. e5 Qg5 19. exd6 Bh3 20. Bf3 Bxg2 21. h4 Qg6 22. Qxf4 Bxf3+ 23. Kh2 Qg2# 0-1

[Event "*** Titled Tuesday Blitz"]
[Site "Chess.com"]
[Date "2020.11.10"]
[Round "1"]
[White "IceBelka"]
[Black "thedjoker98"]
[Result "1-0"]
[WhiteElo "2298"]
[BlackElo "2574"]
[TimeControl "180+1"]
[EndTime "10:05:20 PST"]
[Termination "IceBelka won by resignation"]

1. e4 e5 2. Nf3 Nc6 3. d4 exd4 4.
Nxd4 Nf6 5. Nc3 Bb4 6. Nxc6 bxc6 7. Qd4 Qe7 8. f3 d5 9. Bg5 c5 10. Bb5+ Kf8 11. Qd3 d4 12. O-O-O Be6 13. e5 dxc3 14. exf6 cxb2+ 15. Kb1 Qd6 16. Qe4 Bxa2+ 17. Kxa2 Qe6+ 18. Qxe6 fxe6 19. fxg7+ Kxg7 20. Rd7+ Kg6 21. Bf4 Rab8 22. Bd3+ Kf6 23. Bxc7 Rb7 24. Be5+ 1-0

[Event "*** Titled Tuesday Blitz"]
[Site "Chess.com"]
[Date "2020.11.10"]
[Round "1"]
[White "ENajer77"]
[Black "stepanosinovsky"]
[Result "1-0"]
[WhiteElo "2687"]
[BlackElo "2348"]
[TimeControl "180+1"]
[EndTime "10:05:23 PST"]
[Termination "ENajer77 won on time"]

1. d4 Nf6 2. c4 g6 3. Nc3 Bg7 4.
e4 O-O 5. Be2 d6 6. Be3 Nbd7 7.
g4 e5 8. d5 Nc5 9. f3 a5 10. Qd2 c6 11. dxc6 bxc6 12. O-O-O Bxg4 13. Bxc5 dxc5 14. fxg4 Qxd2+ 15. Kxd2 Ne8 16. Kc2 Nc7 17. Nf3 Ne6 18. Rd6 Rfc8 19. Rhd1 Nd4+ 20. Nxd4 exd4 21. Na4 Rab8 22. Rd7 Be5 23. h4 Rd8 24. Rxd8+ Rxd8 25. Nxc5 Kg7 26. Nd3 Bc7 27. c5 1-0

[Event "*** Titled Tuesday Blitz"]
[Site "Chess.com"]
[Date "2020.11.10"]
[Round "1"]
[White "Keures"]
[Black "littleplotkin"]
[Result "0-1"]
[WhiteElo "2333"]
[BlackElo "2656"]
[TimeControl "180+1"]
[EndTime "10:05:24 PST"]
[Termination "littleplotkin won by resignation"]

1. d4 Nf6 2. c4 g6 3. Nc3 d5 4. cxd5 Nxd5 5. e4 Nxc3 6. bxc3 c5 7. Be3 Bg7 8. Bc4 O-O 9. Ne2 Qc7 10. Rc1 Nc6 11. O-O b6 12. Qd2 Bb7 13. Bh6 Na5 14.
Bxg7 Nxc4 15. Qh6 Rfd8 16. e5 Qc6 17. f3 Ne3 18. Ng3 Nxf1 19. Rxf1 cxd4 20. cxd4 Rxd4 21. e6 f6 22. h3 Qxe6 23. h4 Qf7 24. Qe3 Rxh4 25.
Bh6 Rc8 26. Re1 Rhc4 27. Bf4 e5 28. Bh6 Rc3 29. Qe2 Rc2 30. Bd2 Qxa2 31. Ne4 Bxe4 32. fxe4 Rxd2 33. Qf3 Rcc2 34. Qxf6 Rxg2+ 35. Kf1 Rcf2+ 0-1

[Event "*** Titled Tuesday Blitz"]
[Site "Chess.com"]
[Date "2020.11.10"]
[Round "1"]
[White "sara_khm"]
[Black "GM4life"]
[Result "1-0"]
[WhiteElo "2586"]
[BlackElo "2269"]
[TimeControl "180+1"]
[EndTime "10:05:25 PST"]
[Termination "sara_khm won by resignation"]

1. d4 Nf6 2. c4 e6 3. Nf3 d5 4. Nc3 Bb4 5. Bg5 h6 6. Bxf6 Qxf6 7. Qb3 c5 8. cxd5 exd5 9. dxc5 Nc6 10. a3 Ba5 11. e3 O-O 12. Be2 Be6 13. Qc2 Bf5 14. Qd2 Rad8 15. O-O d4 16. exd4 Nxd4 17. Nxd4 Rxd4 18.
Qc1 Re8 19. Bf3 Rc4 20. Nd5 Qd4 21. Qd1 Bd3 22. b3 Rxc5 23. b4 Rxd5 24. Bxd5 Bc7 25.
Qf3 Re7 26. Rfd1 Qe4 27. Bxe4 1-0

[Event "*** Titled Tuesday Blitz"]
[Site "Chess.com"]
[Date "2020.11.10"]
[Round "1"]
[White "Karateloru"]
[Black "ljuks68"]
[Result "1-0"]
[WhiteElo "2711"]
[BlackElo "2363"]
[TimeControl "180+1"]
[EndTime "10:05:26 PST"]
[Termination "Karateloru won by resignation"]

1. e4 e6 2. e5 d5 3. exd6 cxd6 4. d4 Nf6 5. c4 Nbd7 6. Nc3 Be7 7. Bg5 O-O 8. Nf3 e5 9. dxe5 dxe5 10. Be2 b6 11.
O-O Bb7 12. Qc2 h6 13. Bh4 e4 14. Nd4 Ne5 15. Rad1 Qc8 16. Bxf6 Bxf6 17. Nxe4 Bxe4 18. Qxe4 Nxc4 19. b3 Re8 20. Qf3 Ne5 21. Qg3 Ng6 22. Bb5 Re5 23. Bc4 Rg5 24. Qd6 Qg4 25. g3 Rd8 26.
Qc7 Rxd4 27. Qxf7+ 1-0